 Dungeon Crawl Stone Soup version 0.29.1-1-gd02db6906a (webtiles) character file.

Game seed: 18306401132637055716

1 sentinel the Digger (level 1, 0/14 HPs)
             Began as a Meteoran Earth Elementalist on Sept 26, 2022.
             Slain by a jackal (2 damage)
             ... on level 1 of the Dungeon.
             The game lasted 00:00:09 (41 turns).

sentinel the Digger (Meteoran Earth Elementalist)     Turns: 41, Time: 00:00:09

Health: 0/14       AC:  2    Str:  9    XL:     1   Next: 28%
Magic:  0/5        EV: 12    Int: 16    God:
Gold:   0          SH:  0    Dex: 14    Spells: 4/5 levels left

rFire   . . .      SeeInvis .   (no weapon)
rCold   . . .      Faith    .   (no shield)
rNeg    . . .      Spirit   .   a - +0 robe
rPois   .          Reflect  .   (no helmet)
rElec   .          Harm     .   (no cloak)
rCorr   .          Rampage  .   (no gloves)
Will    .....                   (no boots)
Stlth   +.........              (no amulet)
HPRegen 0.04/turn               (no ring)
MPRegen 0.09/turn               (no ring)

@: glowing
A: sense surroundings 1, otherworldly, glowing, explore regen
a: no special abilities


You were on level 1 of the Dungeon.
You visited 1 branch of the dungeon, and saw 1 of its levels.

Inventory:

Armour
 a - a +0 robe (worn)
Potions
 b - a potion of magic


   Skills:
 - Level 2.4 Dodging
 - Level 1.4 Stealth
 - Level 2.6 Spellcasting
 - Level 1.2 Transmutations
 + Level 3.7 Earth Magic


You had 4 spell levels left.
You knew the following spells:

 Your Spells              Type           Power      Damage    Failure   Level
a - Sandblast             Erth           28%        2d8       4%          1

Your spell library contained the following spells:

 Spells                   Type           Power      Damage    Failure   Level
 Passwall                 Tmut/Erth      8%         N/A       11%         2
 Stone Arrow              Conj/Erth      16%        3d8       26%         3
 Petrify                  Tmut/Erth      10%        N/A       56%         4


Dungeon Overview and Level Annotations

Branches:
Dungeon (1/15) Zot: 554

Altars:


Innate Abilities, Weirdness & Mutations

You passively map a small area around you.
You are easily found by Zot.
You glow in the dark.
You regain HP and MP as you explore.


Message History

Welcome, sentinel the Meteoran Earth Elementalist.
Everyone else who sought the Orb of Zot has failed.
Will you be different?
Press ? for a list of commands and other information.
Found a staircase leading out of the dungeon.
You open the door.
There is an open door here.
A bat comes into view.
The blast of sand hits the bat!
You kill the bat!
You can't see any susceptible monsters within range! (Use Z to cast anyway.)
You can't see any susceptible monsters within range! (Use Z to cast anyway.)
Found a club.
A jackal comes into view.
The jackal barks!
You hear a shout!
A jackal comes into view.
The jackal barks!
You hear a shout!
A jackal comes into view.
A hobgoblin comes into view.
The blast of sand hits the jackal but does no damage.
The jackal barks!
The jackal bites you but does no damage.
The blast of sand misses the jackal.
The blast of sand hits the fungus!
The fungus begins to die.
The fungus is lightly damaged.
The jackal barely misses you. The jackal closely misses you.
The jackal bites you but does no damage. x2
The jackal attacks as you move away! The jackal bites you.
The jackal misses you.
A nearby fungus withers and dies.
The jackal bites the fungus.
The fungus begins to die.
The jackal bites the fungus. x2
The jackal misses you.
The blast of sand misses the jackal.
The jackal completely misses you.
The jackal bites the fungus. x2; The fungus begins to die.
The hobgoblin hits the fungus.
The jackal bites the fungus. x2
The jackal closely misses you.
The hobgoblin hits the fungus.
The blast of sand hits the jackal.
The jackal is heavily wounded.
A nearby fungus withers and dies.
The jackal bites you.
The jackal bites the fungus.
The fungus begins to die.
The jackal barely misses you.
The blast of sand misses the jackal.
The jackal bites you.
The jackal bites the fungus. x2; The fungus begins to die.
The jackal bites the fungus. x2; The jackal closely misses you.
The hobgoblin hits the fungus.
The jackal closely misses you.
The jackal bites the fungus. x2; The hobgoblin hits the fungus.
The blast of sand misses the jackal.
A nearby fungus withers and dies.
The jackal bites you.
The jackal bites the fungus. x2
The hobgoblin hits the fungus.
The jackal bites you.
* * * LOW HITPOINT WARNING * * *
The jackal bites the fungus. x2
You are too injured to fight recklessly!
You hit the jackal but do no damage.
The jackal is heavily wounded.
The jackal bites the fungus.
The jackal bites you but does no damage.
The jackal bites the fungus.
The hobgoblin hits the fungus.
You closely miss the jackal.
The jackal is heavily wounded.
A nearby fungus withers and dies.
The jackal bites you but does no damage.
The jackal bites the fungus.
You closely miss the jackal.
The jackal is heavily wounded.
A nearby fungus withers and dies.
The jackal bites you.
* * * LOW HITPOINT WARNING * * *
The jackal bites you.
You die...

* ##### * ##...## , ,
########.....#
.......).....# * # ,,
........P....# ..
*#.....gh@..# .. , *
#......hP..# ###..
#..P..8h.P.# #<...
#..P.....P.# ####....
*#.....PP...#######.......
,
...#..PPP..###....'......⌠
...###.....###..####.......
... #####.##..## ####....
.. , *#.##.## #....


You could see 3 jackals and a hobgoblin.

Vanquished Creatures
  A bat (D:1)
1 creature vanquished.

Vanquished Creatures (others)
  5 fungi (D:1)
5 creatures vanquished.

Grand Total: 6 creatures vanquished

Notes
Turn   | Place    | Note
-------+----------+-------------------------------------------
     0 | D:1      | sentinel the Meteoran Earth Elementalist began the quest
                  | for the Orb.
     0 | D:1      | Reached XP level 1. HP: 14/14 MP: 5/5
    41 | D:1      | Slain by a jackal

Illustrated notes

Levels and vault maps discovered:
D:1:      minmay_arrival_cross, layout_loops_cross,
          chequers_ecumenical_altar_lobes, dreamdust_mushroom_princess

Action                   || total
-------------------------++-------
Melee: Unarmed           ||     3
 Cast: Sandblast         ||     7
Armor: Robe              ||     5
Dodge: Dodged            ||     9
